 Dungeon Crawl Stone Soup version 0.20-a0-432-g25cc1b4 (webtiles) character file.

8061 Gorice the Fighter (level 11, -1/135 HPs)
             Began as a Demonspawn Arcane Marksman on Jan 2, 2017.
             Was a Priest of Makhleb.
             Succumbed to a queen ant's poison
             ... on level 9 of the Dungeon.
             The game lasted 01:20:29 (12551 turns).

Gorice the Fighter (Demonspawn Arcane Marksman)    Turns: 12551, Time: 01:20:29

Health: -1/135     AC: 29    Str: 14    XL:     11   Next: 5%
Magic:  12/12      EV:  2    Int: 15    God:    Makhleb [***...]
Gold:   617        SH:  0    Dex: 20    Spells: 11/12 levels left

rFire  . . .     SeeInvis .     a - +0 scimitar
rCold  . . .     Gourm    .     (armour currently unavailable)
rNeg   + + +     Faith    .     (no shield)
rPois  +         Spirit   .     (helmet currently unavailable)
rElec  .         Reflect  .     (cloak currently unavailable)
rCorr  .         Harm     .     (gloves currently unavailable)
MR     .....     NoTele   +     (boots currently unavailable)
Stlth  ++++++....               l - amulet of regeneration
                                p - ring of poison resistance
                                P - +4 ring of protection

@: agile, lethally poisoned (-1 -> -30), tree-form
A: thin skeletal structure 1, (fire resistance 0), nightstalker 3
a: Minor Destruction, Lesser Servant of Makhleb, Renounce Religion


You were on level 9 of the Dungeon.
You worshipped Makhleb.
Makhleb was most pleased with you.
You were not hungry.
You were a tree.
You visited 2 branches of the dungeon, and saw 10 of its levels.
You also visited: Sewer, Ossuary and Bailey.

You collected 617 gold pieces.

Inventory:

Hand Weapons
 a - a +0 scimitar (weapon)
 b - a +0 hunting sling
 d - a +2 dagger of speed
   (You took it off an orc wizard on level 7 of the Dungeon)
 R - a +0 flail of draining
   (You took it off an orc on level 3 of the Dungeon)
Missiles
 Q - 2 javelins (quivered)
 Y - 2 throwing nets
 Z - 291 stones
Armour
 B - a +2 pair of boots (melded)
 D - a +3 plate armour of cold resistance (melded)
   (You found it in a bailey)
 K - a +0 pair of gloves (melded)
 X - a +1 helmet (melded)
Magical Staves
 v - an uncursed staff of wizardry {unknown}
Jewellery
 c - an uncursed ring of protection from cold
 i - an uncursed ring of see invisible
 l - an amulet of regeneration (around neck)
 p - a ring of poison resistance (right branch)
 A - an uncursed ring of flight
 I - an uncursed amulet of faith {!P}
 P - a +4 ring of protection (left branch)
Wands
 t - a wand of digging (12/24)
 O - a wand of clouds (0/9)
 T - a wand of flame (21/48)
 V - a wand of confusion (17/48)
Scrolls
 k - 2 scrolls of remove curse
 u - a scroll of blinking
 y - a scroll of enchant armour
 E - 2 scrolls of fear {!r}
 F - 2 scrolls of fog
Potions
 g - a potion of beneficial mutation {unknown}
 h - 4 potions of magic {!q}
 j - a potion of might {!q}
 m - 4 potions of haste {!q}
 n - a potion of mutation {unknown}
 o - a potion of cure mutation {!q}
 r - 2 potions of agility {!q}
 w - a potion of invisibility {unknown}
 x - a potion of brilliance {unknown}
 C - a potion of berserk rage {unknown}
 J - 7 potions of flight
 W - 2 potions of cancellation {!q}
Comestibles
 f - 9 bread rations {!e}
 q - 18 chunks of flesh
 s - a royal jelly
 z - 6 beef jerkies
 H - 5 fruits


   Skills:
 - Level 10.0 Fighting
 + Level 5.9 Long Blades
 - Level 8.3 Throwing
 + Level 7.8 Armour
 - Level 1.7 Dodging
 - Level 1.0 Spellcasting
 - Level 3.0 Hexes


You had 11 spell levels left.
You knew the following spells:

 Your Spells              Type           Power        Failure   Level  Hunger
a - Corona                Hex            #......      10%         1    ##.....


Dungeon Overview and Level Annotations

Branches:
Dungeon (9/15)             Temple (1/1) D:6
   Lair: D:8-11         Orc: D:9-12

Altars:
Ashenzari
Cheibriados
Dithmenos
Elyvilon
Fedhas
Gozag
Hepliaklqana
Kikubaaqudgha
Makhleb
Nemelex Xobeh
Okawaru
Qazlal
Ru
Sif Muna
Uskayaw
Vehumet
Xom
Yredelemnul
Zin
The Shining One


Innate Abilities, Weirdness & Mutations

You have a somewhat thin skeletal structure. (Dex +2, Stealth)
((Your flesh is heat resistant. (rF+)))
You are completely attuned to the shadows.


Message History

The queen ant is severely wounded.
The queen ant stings you but does no damage.
You hit the queen ant.
The queen ant is severely wounded.
The queen ant barely misses you.
You riposte.
You hit the queen ant but do no damage.
The queen ant is severely wounded.
You slash the queen ant!
The queen ant is almost dead.
The queen ant stings you!
* * * LOW HITPOINT WARNING * * *
You are lethally poisoned!
The queen ant poisons you!
Some of the chunks of flesh in your inventory have rotted away.
Damage: 11 (max 11)
You slash the queen ant!
The queen ant is almost dead.
* * * LOW HITPOINT WARNING * * *
You feel very sick.
The queen ant stings you but does no damage.
Damage: 5 (max 11) Unknown command.
* * * LOW HITPOINT WARNING * * *
You feel very sick.
Damage: 5 (max 11)
* * * LOW HITPOINT WARNING * * *
You feel very sick.
Damage: 4 (max 11)
* * * LOW HITPOINT WARNING * * *
You feel very sick.
Damage: 3 (max 11) Really quaff
U - a potion of lignification {!q}?
You turn into a tree.
Your +1 helmet melds into your body.
Your +0 pair of gloves melds into your body.
Your +2 pair of boots melds into your body.
Your +3 plate armour of cold resistance melds into your body.
You feel less resistant to cold.
Your roots penetrate the ground.
* * * LOW HITPOINT WARNING * * *
You feel very sick.
The queen ant stings you but does no damage.
Damage: 2 (max 11) Unknown command.
Okay, then.
Evoke which item? (* to show all) (? for menu, Esc to quit)
Aiming: Confuse (will waste charges)
Press: ? - help, Shift-Dir - straight line, f - queen ant
Aim: a queen ant (almost dead, chance to defeat MR: 15%)
The queen ant resists with almost no effort.
Evoking this partially-identified wand wasted a few charges.
You die...

.....'..........#.
.....#..........#.
.....#..........#.
###########.........#.
##...###...##........#.
#.....#.....#........#.
#...###...###.......#.
#..#..#..#..###......#.
...###a♣.###...##.....#.
... #.....#.....#.....##
.. ##...###...##.......
#..#..#..###.+......
...###...###..#......
... #.....#..##......
...###...##..........
#..#..###...........
#...##.............


You could see a queen ant.

Vanquished Creatures
  A two-headed ogre (D:9)
  An orc knight (Bailey)
  Pikel (D:7)
  2 trolls
  Grinder (D:4)
  Grum (D:9)
  4 soldier ants (D:9)
  Duvessa (D:7)
  A black bear (D:7)
  A phantom (D:9)
  4 orc warriors
  3 ice beasts
  2 slaves (D:7)
  An eye of draining (D:9)
  8 ogres
  4 wolves (D:9)
  3 centaurs
  5 bullfrogs
  2 big kobolds
  Dowan (D:7)
  A scorpion (D:4)
  A water moccasin skeleton (D:9)
  A troll zombie (Ossuary)
  4 killer bees (D:7)
  3 centaur zombies
  A bullfrog zombie (D:5)
  2 crimson imps
  A quasit (D:8)
  6 orc priests
  4 hounds
  A jelly (D:6)
  A centaur skeleton (D:6)
  11 orc wizards
  A bullfrog skeleton (D:6)
  An iguana (D:6)
  33 worker ants
  3 ogre zombies (Ossuary)
  A big kobold zombie (Ossuary)
  2 hound zombies
  7 mummies (Ossuary)
  A worker ant zombie (D:8)
  4 gnolls (D:7)
  11 adders
  2 river rats (Sewer)
  A shadow imp (D:7)
  2 oozes
  7 adder zombies (Ossuary)
  An adder skeleton (D:7)
  2 worms
  3 dart slugs
  2 leopard geckos
  38 orcs
  2 giant cockroaches
  2 gnoll zombies (Ossuary)
  11 goblins
  7 hobgoblins
  17 jackals
  A quokka (D:5)
  2 ball pythons
  6 bats
  3 frilled lizards
  6 goblin zombies
  2 hobgoblin zombies (Ossuary)
  15 kobolds
  5 kobold zombies (Ossuary)
  A quokka skeleton (D:4)
  4 quokka zombies
  9 rats
  A rat zombie (Ossuary)
300 creatures vanquished.

Vanquished Creatures (others)
  A slave (D:7)
  3 fungi (D:9)
  3 plants (D:9)
7 creatures vanquished.

Grand Total: 307 creatures vanquished

Notes
Turn   | Place    | Note
-------+----------+-------------------------------------------
     0 | D:1      | Gorice the Demonspawn Arcane Marksman began the quest for the Orb.
     0 | D:1      | Reached XP level 1. HP: 15/15 MP: 2/2
    74 | D:1      | Reached skill level 2 in Throwing
   104 | D:1      | Gained mutation: You are slightly more attuned to the shadows. [demonic ancestry]
   104 | D:1      | Reached XP level 2. HP: 19/22 MP: 3/3
   277 | D:1      | Reached skill level 2 in Fighting
   405 | D:1      | Reached XP level 3. HP: 27/27 MP: 4/4
   971 | D:1      | HP: 8/28 [worm (8)]
  1000 | D:1      | Reached skill level 3 in Throwing
  1442 | D:2      | Gained mutation: Your flesh is heat resistant. (rF+) [demonic ancestry]
  1442 | D:2      | Reached XP level 4. HP: 34/34 MP: 5/5
  1895 | D:3      | Reached skill level 3 in Fighting
  2044 | D:3      | Found a shattered altar of Ashenzari.
  2065 | D:3      | Found a blossoming altar of Fedhas.
  2086 | D:3      | Found a basalt altar of Yredelemnul.
  2142 | D:3      | Found a white marble altar of Elyvilon.
  2421 | D:4      | Gained mutation: You have a somewhat thin skeletal structure. (Dex +2, Stealth) [demonic ancestry]
  2421 | D:4      | Reached XP level 5. HP: 41/41 MP: 6/6
  2441 | D:4      | Noticed Grinder
  2541 | D:4      | Found a burning altar of Makhleb.
  2572 | D:4      | Became a worshipper of Makhleb the Destroyer
  2628 | D:4      | Reached skill level 4 in Throwing
  2711 | D:4      | Noticed an ogre
  2720 | D:4      | Killed an ogre
  2720 | D:4      | Reached skill level 4 in Fighting
  2720 | D:4      | Reached XP level 6. HP: 48/48 MP: 7/7
  2953 | D:4      | HP: 14/48 [Grinder (1)]
  2981 | D:4      | Killed Grinder
  2981 | D:4      | Reached skill level 5 in Fighting
  2981 | D:4      | Reached skill level 5 in Throwing
  3106 | D:4      | Gained mutation: You are significantly more attuned to the shadows. [demonic ancestry]
  3106 | D:4      | Reached XP level 7. HP: 52/56 MP: 8/8
  3466 | D:5      | Entered Level 5 of the Dungeon
  3940 | D:5      | Found a glowing drain.
  3947 | Sewer    | Entered a sewer
  4031 | Sewer    | Reached * piety under Makhleb
  4055 | Sewer    | Found a white marble altar of Elyvilon.
  4126 | D:5      | Reached skill level 6 in Fighting
  4126 | D:5      | Reached skill level 6 in Throwing
  4221 | D:5      | Got a transparent plate armour
  4241 | D:5      | Identified the +1 plate armour "Diuwneag" {Dex+2 Stlth+} (You found it on level 5 of the Dungeon)
  4396 | D:6      | Found a staircase to the Ecumenical Temple.
  4536 | D:6      | Reached XP level 8. HP: 65/65 MP: 9/9
  4775 | D:6      | Found a sand-covered staircase.
  4804 | Ossuary  | Entered an ossuary
  4849 | Ossuary  | HP: 18/65 [troll zombie (5)]
  4943 | Ossuary  | Reached skill level 7 in Fighting
  5084 | Ossuary  | Reached ** piety under Makhleb
  5168 | Ossuary  | Reached skill level 1 in Armour
  5442 | Ossuary  | Reached skill level 7 in Throwing
  5907 | D:6      | Reached skill level 2 in Armour
  6143 | D:6      | Reached *** piety under Makhleb
  6409 | D:6      | HP: 17/68 [ogre/giant spiked club (18)]
  6458 | D:6      | Reached skill level 3 in Armour
  6458 | D:6      | Reached XP level 9. HP: 30/74 MP: 10/10
  6724 | Temple   | Entered the Ecumenical Temple
  6979 | D:7      | Reached skill level 8 in Fighting
  7369 | D:7      | Reached skill level 8 in Throwing
  7579 | D:7      | Noticed Duvessa
  7601 | D:7      | Killed Duvessa
  7601 | D:7      | Reached skill level 4 in Armour
  7603 | D:7      | Noticed Dowan
  7796 | D:7      | Killed Dowan
  7921 | D:7      | Reached **** piety under Makhleb
  8152 | D:7      | HP: 22/75 [killer bee (1)]
  8157 | D:7      | HP: 20/75 [poisoned by a killer bee]
  8164 | D:7      | HP: 19/75 [poisoned by a killer bee]
  8176 | D:7      | HP: 22/75 [poisoned by a killer bee]
  8545 | D:7      | Reached skill level 1 in Long Blades
  8671 | D:7      | Noticed Pikel
  8923 | D:7      | Killed Pikel
  8923 | D:7      | Reached skill level 9 in Fighting
  8923 | D:7      | Reached skill level 2 in Long Blades
  8923 | D:7      | Reached skill level 5 in Armour
  8934 | D:7      | Reached XP level 10. HP: 63/83 MP: 11/11
  9028 | D:8      | Found a flagged portal.
  9036 | Bailey   | Entered a bailey
  9342 | Bailey   | Noticed an orc knight
  9357 | Bailey   | HP: 22/83 [orc knight/glaive (14)]
  9364 | Bailey   | Killed an orc knight
  9364 | Bailey   | Reached skill level 3 in Long Blades
 10367 | D:8      | HP: 19/83 [vampire (8)]
 10826 | D:8      | HP: 24/83 [orc warrior/glaive (4)]
 10828 | D:8      | HP: 6/83 [orc warrior/glaive (8)]
 11221 | D:9      | Reached skill level 6 in Armour
 11253 | D:9      | Noticed Grum
 11290 | D:9      | Killed Grum
 11290 | D:9      | Reached skill level 4 in Long Blades
 11297 | D:9      | HP: 22/85 [wolf[Grum] (7)]
 11301 | D:9      | HP: 8/85 [wolf[Grum] (6)]
 11747 | D:9      | Reached skill level 10 in Fighting
 11826 | D:9      | Reached ***** piety under Makhleb
 11969 | D:9      | Reached skill level 5 in Long Blades
 11982 | D:9      | Reached skill level 7 in Armour
 12187 | D:9      | Noticed a two-headed ogre
 12210 | D:9      | Killed a two-headed ogre
 12393 | D:9      | Gained mutation: You are completely attuned to the shadows. [demonic ancestry]
 12393 | D:9      | Reached XP level 11. HP: 75/90 MP: 12/12
 12514 | D:9      | Noticed a queen ant
 12545 | D:9      | HP: 21/90 [queen ant (12)]
 12548 | D:9      | HP: 7/90 [poisoned by a queen ant]
 12550 | D:9      | HP: 2/135 [poisoned by a queen ant]
 12551 | D:9      | Succumbed to a queen ant's poison

Vault maps used:
D:1:      lemuel_arrival_behind_the_door_small
D:2:      lemuel_another_geyser
D:3:      kennysheep_ying_yang, ashenzari_conservatory_becter, hex_medium,
          fedhas_altar_1
D:4:      lemuel_round_altar, uniq_grinder
D:5:      first_bread, lightli_sewer_entry_pipes
D:6:      enter_ossuary_4, hangedman_abyss_or_decor_passed,
          hangedman_glass_teeth, kennysheep_path_1
D:7:      uniq_pikel, uniq_duvessa
D:8:      enter_bailey_2, grunt_ogre_cave
D:9:      trog_eyes_of_draining, grunt_lair_entry_orc_guard_hut,
          zaba_antful_of_joy, uniq_grum
Temple:   eino_temple_rhombus
Sewer:    sewer_kobolds
Ossuary:  ossuary_boxes_badplayer
Bailey:   bailey_polearm_1, bailey

Skill      XL: |  1  2  3  4  5  6  7  8  9 10 |
---------------+-------------------------------+-----
Throwing       | 2 3 4 5 6 7 8 |  8.3
Fighting       | 2 3 4 5 6 7 9 10 | 10.0
Armour         | 3 5 7 |  7.8
Long Blades    | 2 5 |  5.9
Dodging        | |  1.7
Spellcasting   | |  1.0
Hexes          | |  3.0

Action                   |  1- 3 |  4- 6 |  7- 9 | 10-12 || total
-------------------------+-------+-------+-------+-------++-------
Melee: Unarmed           |     3 |       |       |       ||     3
       Short sword       |   158 |    41 |       |       ||   199
       Flail             |       |   119 |   742 |    44 ||   905
       Scimitar          |       |       |       |   557 ||   557
       Dagger            |       |       |       |     1 ||     1
 Fire: Hunting sling     |       |       |    72 |     1 ||    73
Throw: Javelin           |    26 |    17 |     7 |     3 ||    53
       Throwing net      |     1 |     3 |     1 |       ||     5
       Stone             |       |       |     1 |       ||     1
Invok: Lesser Servant of |       |       |       |     1 ||     1
Evoke: Wand              |       |       |     3 |     2 ||     5
  Use: Scroll            |     7 |     3 |     7 |     7 ||    24
       Potion            |       |     1 |       |    11 ||    12
 Stab: Held in net/web   |       |     1 |       |       ||     1
       Sleeping          |       |       |    17 |       ||    17
       Distracted        |       |       |     1 |     1 ||     2
  Eat: Chunk             |     2 |     5 |    18 |     8 ||    33
       Royal jelly       |       |       |     1 |       ||     1
       Beef jerky        |       |       |     1 |       ||     1
       Meat ration       |       |       |       |     1 ||     1
Armor: Robe              |     7 |       |       |       ||     7
       Scale mail        |    61 |    13 |   371 |    25 ||   470
       Ring mail         |       |    53 |    65 |       ||   118
       Plate armour      |       |       |       |   607 ||   607
       Skin              |       |       |       |     1 ||     1
Dodge: Dodged            |   103 |    83 |   423 |   267 ||   876
       Rpst.: Scimitar   |       |       |       |    71 ||    71

Table legend:
 A = Turns spent in this place as a percentage of turns spent in the entire game.
 B = Non-inter-level travel turns spent in this place as a percentage of non-inter-level travel turns spent in the entire game.
 C = Inter-level travel turns spent in this place as a percentage of turns spent in this place.
 D = Turns resting spent in this place as a percentage of non-inter-level travel turns spent in this place.
 E = Turns spent auto-exploring this place as a percentage of non-inter-level travel turns spent in this place.
 F = Non-inter-level travel turns spent in this place divided by the number of levels of this place that you've seen.
                   A       B       C       D       E      F
               +-------+-------+-------+-------+-------+----------------------
         Total | 100.0 | 100.0 |   0.3 |   1.5 |   3.3 | 463.5
       Dungeon |  79.3 |  79.2 |   0.3 |   1.6 |   3.8 | 530.4
        Temple |   0.2 |   0.2 |   7.7 |   0.0 |  91.7 |  12.0
         Sewer |   2.3 |   2.3 |   0.0 |   0.0 |   1.4 | 140.0
       Ossuary |  12.9 |  12.9 |   0.0 |   0.5 |   0.1 | 780.0
        Bailey |   5.3 |   5.3 |   0.0 |   2.8 |   0.0 | 319.0
               +-------+-------+-------+-------+-------+----------------------

Vault maps used:
D:1:      lemuel_arrival_behind_the_door_small
D:2:      lemuel_another_geyser
D:3:      kennysheep_ying_yang, ashenzari_conservatory_becter, hex_medium,
          fedhas_altar_1
D:4:      lemuel_round_altar, uniq_grinder
D:5:      first_bread, lightli_sewer_entry_pipes
D:6:      enter_ossuary_4, hangedman_abyss_or_decor_passed,
          hangedman_glass_teeth, kennysheep_path_1
D:7:      uniq_pikel, uniq_duvessa
D:8:      enter_bailey_2, grunt_ogre_cave
D:9:      trog_eyes_of_draining, grunt_lair_entry_orc_guard_hut,
          zaba_antful_of_joy, uniq_grum
Temple:   eino_temple_rhombus
Sewer:    sewer_kobolds
Ossuary:  ossuary_boxes_badplayer
Bailey:   bailey_polearm_1, bailey
